 Dungeon Crawl Stone Soup version 0.28-a0-957-g42eb19b844 (webtiles) character file.

Game seed: 3539895455754552180

193 vineage the Skirmisher (level 5, -8/34 HPs)
             Began as a Gargoyle Fighter on Nov 30, 2021.
             Mangled by an ogre (22 damage)
             ... on level 4 of the Dungeon.
             The game lasted 00:02:19 (2873 turns).

vineage the Skirmisher (Gargoyle Fighter)           Turns: 2873, Time: 00:02:20

Health: -8/34      AC: 11    Str: 20    XL:     5   Next: 72%
Magic:  5/5        EV:  9    Int:  8    God:
Gold:   156        SH:  5    Dex: 11    Spells: 4/4 levels left

rFire   . . .      SeeInvis .   a - +1 flail
rCold   . . .      Faith    .   c - +1 buckler
rNeg    + . .      Spirit   .   b - +0 scale mail
rPois   ∞          Reflect  .   (no helmet)
rElec   +          Harm     .   (no cloak)
rCorr   .          Rampage  .   (no gloves)
Will    .....                   (no boots)
Stlth   ..........              (no amulet)
HPRegen 0.11/turn               (no ring)
MPRegen 0.09/turn               (no ring)

@: mighty
A: sickness immunity, AC +4, negative energy resistance 1, electricity
resistance, torment resistance 1, petrification resistance
a: no special abilities


You were on level 4 of the Dungeon.
You visited 1 branch of the dungeon, and saw 4 of its levels.

You collected 156 gold pieces.

Inventory:

Hand Weapons
 a - a +1 flail (weapon)
Armour
 b - a +0 scale mail (worn)
 c - a +1 buckler (worn)
Scrolls
 e - 2 scrolls of magic mapping
Potions
 f - a potion of curing {unknown}
 g - 2 potions of cancellation {unknown}
 h - a potion of heal wounds {unknown}
 l - a potion of haste {unknown}


   Skills:
 * Level 4.5 Fighting
 + Level 4.0 Maces & Flails
 + Level 4.2 Armour
 + Level 0.5 Stealth
 + Level 3.6 Shields


You had 4 spell levels left.
You didn't know any spells.
Your spell library contained the following spells:

 Spells                   Type           Power      Damage    Failure   Level
 Animate Skeleton         Necr           0%         N/A       77%         1
 Apportation              Tloc           0%         N/A       77%         1
 Summon Small Mammal      Summ           0%         N/A       77%         1
 Gell's Gravitas          Tloc           0%         N/A       98%         3
 Teleport Other           Tloc           0%         N/A       98%         3
 Blade Hands              Tmut           0%         N/A       100%        5
 Irradiate                Conj/Tmut      0%         3d13      100%        5
 Dispersal                Tloc           0%         N/A       100%        6
 Dragon Form              Tmut           0%         N/A       100%        7


Dungeon Overview and Level Annotations

Branches:
Dungeon (4/15)
 Temple: D:4-7

Altars:


Innate Abilities, Weirdness & Mutations

You are immune to sickness and miasma.
Your stone body is resilient. (AC +4)
You are immune to poison.
You resist negative energy. (rN+)
You are resistant to electric shocks. (rElec)
You are resistant to unholy torment.
You are immune to petrification.


Message History

Found a stone staircase leading up.
There is a stone staircase leading up here.
Found a glowing leather armour.
No target in view!
You now have 156 gold pieces (gained 16).
f - a white potion A hobgoblin comes into view.
The hobgoblin shouts!
You completely miss the hobgoblin.
The hobgoblin hits you but does no damage. x2
You barely miss the hobgoblin.
The hobgoblin hits you but does no damage.
You sock the hobgoblin!
You kill the hobgoblin!
No target in view!
No target in view!
No target in view!
No target in view!
No target in view!
You see here a hobgoblin corpse.
An ogre comes into view. It is wielding a +0 giant spiked club.
The ogre shouts!
You hear a shout!
An ogre is nearby!
You feel very mighty all of a sudden.
A gnoll comes into view. It is wielding a +0 club.
The gnoll shouts!
You closely miss the ogre.
A gnoll comes into view. It is wielding a +0 whip.
The ogre hits you with a +0 giant spiked club!
You barely miss the ogre.
The gnoll shouts!
You block the ogre's attack.
You thump the ogre!
The ogre is moderately wounded.
The ogre hits you with a +0 giant spiked club!
Your scale mail prevents you from hitting the ogre.
The ogre is moderately wounded.
The ogre hits you with a +0 giant spiked club!!
Ouch! That really hurt!
You die...

# #. #.###
#....
###....########
......g....†..#
#.....O@..###.#
..........# #.#
#...g.....#
#.#######.#
........#.#
#.......#.#
###.....#.#
#######.#.#
#......#.#
##.#.#
#.##.#.#.#
##....# #.
#.#.#.#
##.[...##
####.......#


You could see an ogre and 2 gnolls.

Vanquished Creatures
  An ogre (D:3)
  An orc wizard (D:3)
  2 adders (D:2)
  2 dart slugs (D:3)
  6 orcs (D:3)
  5 endoplasms (D:2)
  3 giant cockroaches
  5 goblins
  6 hobgoblins
  6 kobolds
  2 quokkas (D:3)
  8 ball pythons
  3 bats
  6 frilled lizards
  3 rats (D:1)
59 creatures vanquished.

Notes
Turn   | Place    | Note
-------+----------+-------------------------------------------
     0 | D:1      | vineage the Gargoyle Fighter began the quest for the Orb.
     0 | D:1      | Reached XP level 1. HP: 14/14 MP: 1/1
   240 | D:1      | Reached XP level 2. HP: 19/19 MP: 2/2
   274 | D:1      | Found a faded altar of an unknown god.
  1090 | D:2      | Reached XP level 3. HP: 24/24 MP: 3/3
  2173 | D:3      | Noticed an ogre
  2179 | D:3      | Killed an ogre
  2180 | D:3      | Reached XP level 4. HP: 30/30 MP: 4/4
  2180 | D:3      | Reached XP level 5. HP: 34/34 MP: 5/5
  2866 | D:4      | Noticed an ogre
  2873 | D:4      | Mangled by an ogre

Illustrated notes

Levels and vault maps discovered:
D:1:      minmay_arrival_widening_spiral_narrow, layout_basic,
          ebering_ecumenical_altar_sacrificial,
          wander_ebering_terrifying_dragon_lair
D:2:      layout_basic
D:3:      layout_basic
D:4:      layout_loops_ring, mainiacjoe_overflow_cross_hatched

Skill      XL: |  1  2  3  4  5 |
---------------+----------------+-----
Maces & Flails | 3 4 |  4.0
Fighting       | 4 |  4.5
Armour         | 4 |  4.2
Stealth        | |  0.5
Shields        | |  3.6

Action                   |  1- 3 |  4- 6 || total
-------------------------+-------+-------++-------
Melee: Flail             |    98 |    69 ||   167
  Use: Scroll            |     8 |     1 ||     9
       Potion            |     1 |     1 ||     2
Armor: Scale mail        |    39 |    32 ||    71
Dodge: Dodged            |    45 |    28 ||    73
Block: Buckler           |    18 |    15 ||    33

Table legend: (Time is in decaauts)
 A = Elapsed time spent in this place.
 B = Non-inter-level travel time spent in this place.
 C = Inter-level travel time spent in this place.
 D = Time resting spent in this place.
 E = Time spent auto-exploring this place.
 F = Levels seen in this place.
 G = Mean time per level.
                   A        B        C        D        E       F      G
               +--------+--------+--------+--------+--------+-----+--------+
         Total |   2915 |   2871 |     44 |      0 |   2468 |   4 |  728.8 |
       Dungeon |   2915 |   2871 |     44 |      0 |   2468 |   4 |  728.8 |
               +--------+--------+--------+--------+--------+-----+--------+

Top non-repeatable levels by time:
     D:1: 1062 daAuts
     D:2: 982 daAuts
     D:3: 827 daAuts
     D:4: 43 daAuts
